[Event "Titled Tuesday Blitz November 08 Early 2022"]
[White "Jiang, Andrew"]
[Black "Perez Ponsa, Federico"]
[WhiteFideId "30953510"]
[BlackFideId "117927"]
[WhiteElo "1868"]
[BlackElo "2606"]
[Result "0-1"]
[Round "03"]
[TimeControl "180+1"]
[Date "2022.11.09"]
[WhiteClock "0:00:03"]
[BlackClock "0:00:32"]

1. c4 e6 2. Nc3 d5 3. cxd5 exd5 4. d4 c6 5. Nf3 Bf5 6. Bf4 Bd6 7. Bxd6 Qxd6 8. e3 Nf6 9. Bd3 Bxd3 10. Qxd3 O-O 11. O-O Nbd7 12. Rad1 Rfe8 13. Rfe1 Ne4 14. Nd2 f5 15. f3 Nxd2 16. Rxd2 g6 17. Rde2 Nf6 18. e4 fxe4 19. fxe4 dxe4 20. Nxe4 Nxe4 21. Rxe4 Rxe4 22. Qxe4 Rd8 23. Rd1 Qd5 24. Qe3 Qxa2 25. Qe7 Rf8 26. Qxb7 Qa4 27. Re1 Qxd4+ 28. Kh1 Qe3 29. Ra1 Qb6 30. Qd7 Qxb2 31. Qxa7 c5 32. Re1 c4 33. Qc5 Qc3 34. Qd5+ Kh8 35. Rd1 Re8 36. Rf1 Qd3 37. Qf7 Qd8 38. Qxc4 Qe7 39. Qc3+ Qg7 40. Qxg7+ Kxg7 41. h3 h5 42. Kh2 h4 43. Rf2 Kh6 44. g3 Kg5 45. gxh4+ Kxh4 46. Rf4+ Kg5 47. Rf3 Re2+ 48. Kg3 Re4 49. Rc3 Rd4 50. Rf3 Kh6 51. Re3 Rc4 52. Rf3 Re4 53. Rd3 Re5 54. Rf3 Rg5+ 55. Kf4 Rh5 56. Kg4 Rd5 57. Kg3 Kg5 58. Re3 Rc5 59. Rd3 Kh5 60. Re3 Rg5+ 61. Kf4 Rg1 62. Rg3 Ra1 63. Rg5+ Kh6 64. Rg3 g5+ 65. Kf3 Kh5 66. Kg2 Ra2+ 67. Kg1 Ra4 68. Rc3 Kh4 69. Kh2 Ra2+ 70. Kg1 Rd2 71. Rc4+ Kxh3 72. Rc3+ Kh4 73. Rc4+ g4 74. Rc8 Kh3 75. Rh8+ Kg3 76. Kf1 Rd1+ 77. Ke2 Ra1 78. Rc8 Kg2 79. Rg8 g3 80. Ke3 Ra3+ 81. Ke2 Kg1 82. Rg7 g2 83. Rg6 Rh3 84. Ke1 Re3+ 85. Kd2 Re4 86. Rg5 Kh2 87. Rh5+ Kg3 88. Rg5+ Rg4 0-1


[Site "https://www.chess.com"]

[Event "Titled Tuesday Blitz November 08 Early 2022"]
[White "Jiganchine, Roman"]
[Black "Yuan, Qingyu"]
[WhiteFideId "2603667"]
[BlackFideId "8609772"]
[WhiteElo "2353"]
[BlackElo "2359"]
[Result "0-1"]
[Round "03"]
[TimeControl "180+1"]
[Date "2022.11.09"]
[WhiteClock "0:00:20"]
[BlackClock "0:00:49"]

1. e4 c6 2. d4 d5 3. exd5 cxd5 4. c4 Nf6 5. Nc3 Nc6 6. Nf3 a6 7. cxd5 Nxd5 8. Bd3 g6 9. Qb3 Be6 10. Ng5 Nxd4 11. Qxb7 Nxc3 12. bxc3 Bd5 13. Qb4 Bxg2 14. Rg1 Nf3+ 15. Ke2 Nxg1+ 16. Ke3 Bh6 17. Qf4 O-O 18. Ba3 Nh3 0-1


[Site "https://www.chess.com"]

[Event "Titled Tuesday Blitz November 08 Early 2022"]
[White "Jodorcovsky Werjivker, Paulo"]
[Black "Gurevich, Dmitry"]
[WhiteFideId "3700305"]
[BlackFideId "2000407"]
[WhiteElo "2120"]
[BlackElo "2506"]
[Result "1/2-1/2"]
[Round "03"]
[TimeControl "180+1"]
[Date "2022.11.09"]
[WhiteClock "0:00:02"]
[BlackClock "0:00:06"]

1. e4 c5 2. Nc3 g6 3. f4 Bg7 4. Nf3 Nc6 5. Bb5 Nd4 6. Bd3 d6 7. Nb5 a6 8. Nbxd4 cxd4 9. f5 Nf6 10. O-O O-O 11. Kh1 e6 12. fxg6 fxg6 13. c3 dxc3 14. dxc3 Bd7 15. Bg5 h6 16. Bh4 g5 17. Bg3 Qe7 18. e5 dxe5 19. Nxe5 Be8 20. Bg6 Rd8 21. Qc2 Nh5 22. Bxh5 Bxh5 23. Ng6 Bxg6 24. Qxg6 Rxf1+ 25. Rxf1 Rf8 26. Rxf8+ Kxf8 27. h3 Qd7 28. Kh2 Qd5 29. b3 Qf5 30. Qh5 e5 31. Qe2 e4 32. Qc4 b5 33. Bd6+ Ke8 34. Qc6+ Kf7 35. Qb7+ Kg8 36. Qb8+ Kh7 37. Qe8 Qd5 38. Bg3 Qf5 39. Qe7 h5 40. c4 bxc4 41. bxc4 h4 42. Bd6 Kg6 43. c5 Qd5 44. Qe8+ Kh6 45. Qe7 Kg6 46. Qe8+ Kh7 47. Qh5+ Bh6 48. Qg4 Kg6 49. Qd7 Bg7 50. Qe8+ 1/2-1/2


[Site "https://www.chess.com"]

[Event "Titled Tuesday Blitz November 08 Early 2022"]
[White "Jumabayev, Rinat"]
[Black "Kuznetsova, Olga"]
[WhiteFideId "13702661"]
[BlackFideId "4191323"]
[WhiteElo "2561"]
[BlackElo "2134"]
[Result "1-0"]
[Round "03"]
[TimeControl "180+1"]
[Date "2022.11.09"]
[WhiteClock "0:01:58"]
[BlackClock "0:00:51"]

1. d4 Nf6 2. c4 e6 3. Nf3 d5 4. g3 Be7 5. Bg2 O-O 6. O-O dxc4 7. Qc2 b5 8. a4 b4 9. Nfd2 Nd5 10. Nxc4 c5 11. dxc5 Ba6 12. Nbd2 Bxc5 13. Ne4 Be7 14. Ne5 Qc8 15. Qxc8 Rxc8 16. Bf4 Nxf4 17. gxf4 Bxe2 18. Rfc1 Na6 19. Ng3 f6 20. Nc6 Bd6 21. Nxe2 Nc5 22. Rc4 a5 23. Rd1 Bf8 24. Ned4 Nxa4 25. Rc2 Ra6 26. Nxe6 Raxc6 27. Rxc6 1-0


[Site "https://www.chess.com"]

[Event "Titled Tuesday Blitz November 08 Early 2022"]
[White "Kamsky, Gata"]
[Black "Matinian, Nikita"]
[WhiteFideId "2000024"]
[BlackFideId "24129100"]
[WhiteElo "2666"]
[BlackElo "2422"]
[Result "1-0"]
[Round "03"]
[TimeControl "180+1"]
[Date "2022.11.08"]
[WhiteClock "0:01:09"]
[BlackClock "0:00:58"]

1. e4 e5 2. Nf3 Nc6 3. Bb5 a6 4. Ba4 Bc5 5. O-O d6 6. c3 Bg4 7. h3 Bh5 8. d3 Ne7 9. Be3 f6 10. d4 Ba7 11. Nbd2 g5 12. Re1 g4 13. Nh4 b5 14. hxg4 Bf7 15. Bb3 exd4 16. Bxf7+ Kxf7 17. cxd4 Nxd4 18. Nf5 Nexf5 19. gxf5 Qg8 20. Rc1 Rc8 21. Nb3 c5 22. Nxd4 cxd4 23. Rxc8 Qxc8 24. Bxd4 Bxd4 25. Qxd4 Qc5 26. Qd1 h5 27. Qb3+ Kf8 28. Rd1 h4 29. Qe6 h3 30. Qxf6+ Kg8 31. Qg6+ Kf8 32. Qxd6+ Qxd6 33. Rxd6 h2+ 34. Kh1 Ke7 35. Rxa6 1-0


[Site "https://www.chess.com"]

[Event "Titled Tuesday Blitz November 08 Early 2022"]
[White "Khaliun, Batnasan"]
[Black "Kouskoutis, Georgios-Alexandros"]
[WhiteFideId "4906276"]
[BlackFideId "4234049"]
[WhiteElo "1752"]
[BlackElo "2187"]
[Result "0-1"]
[Round "03"]
[TimeControl "180+1"]
[Date "2022.11.09"]
[WhiteClock "0:00:04"]
[BlackClock "0:00:17"]

1. d4 Nf6 2. c4 e6 3. g3 d5 4. Nf3 Be7 5. Bg2 O-O 6. O-O c6 7. Qc2 b6 8. Nbd2 Bb7 9. e4 Na6 10. e5 Nd7 11. cxd5 Nb4 12. Qb3 Nxd5 13. Ne4 c5 14. Nd6 Ba6 15. Re1 cxd4 16. Nxd4 Nxe5 17. Rxe5 Qxd6 18. Re1 Rac8 19. Bd2 Bf6 20. Nf3 h6 21. Qd1 Rc6 22. Bc3 Nxc3 23. bxc3 Bxc3 0-1


[Site "https://www.chess.com"]

[Event "Titled Tuesday Blitz November 08 Early 2022"]
[White "Khamdamova, Afruza"]
[Black "Bagrationi, Alexander"]
[WhiteFideId "14210444"]
[BlackFideId "14104954"]
[WhiteElo "2018"]
[BlackElo "2398"]
[Result "1/2-1/2"]
[Round "03"]
[TimeControl "180+1"]
[Date "2022.11.09"]
[WhiteClock "0:00:04"]
[BlackClock "0:00:05"]

1. e4 d5 2. exd5 Qxd5 3. Nc3 Qe5+ 4. Be2 Bg4 5. d4 Bxe2 6. Ngxe2 Qa5 7. O-O Nf6 8. Bd2 Qh5 9. Bf4 c6 10. Qd3 Nbd7 11. Rfe1 e6 12. Rad1 Be7 13. Ng3 Qh4 14. Qd2 h6 15. Nce4 O-O 16. c4 Rfd8 17. h3 Nc5 18. Nxc5 Bxc5 19. Qe3 Bb4 20. Rf1 Rd7 21. a3 Ba5 22. Be5 Rad8 23. b4 Bb6 24. Ne2 Nh5 25. Rd3 Qg5 26. Rfd1 f6 27. Bf4 Nxf4 28. Nxf4 e5 29. Ne6 Qxe3 30. fxe3 Re8 31. Nc5 Bxc5 32. bxc5 exd4 33. exd4 Re4 34. Kf2 Kf7 35. Kf3 f5 36. g4 g6 37. gxf5 gxf5 38. R3d2 Kf6 39. d5 Rxc4 40. dxc6 Rxd2 41. Rxd2 bxc6 42. Rd6+ Ke5 43. Rxc6 Rc3+ 44. Ke2 Rxa3 45. Rxh6 Ke4 46. Re6+ Kd5 47. Rf6 Ke5 48. Rf7 Rc3 49. Rxa7 Rxc5 50. h4 Ke4 51. Ra4+ Ke5 52. Kf3 Rc3+ 53. Kf2 Rh3 54. Kg2 Rb3 55. Kf2 Kf6 56. Ra6+ Ke5 57. Ra4 Rc3 58. Ke2 f4 59. Ra5+ Ke4 60. Ra4+ Kf5 61. h5 Kg4 62. h6 Rc2+ 63. Kf1 Rh2 64. Ra6 Kg3 65. h7 Rh1+ 66. Ke2 Rxh7 67. Rg6+ Kh3 68. Kf3 Rh4 69. Rg7 Kh2 70. Rg2+ Kh1 71. Rg4 Rh3+ 72. Kxf4 Rh2 73. Rg3 Rg2 74. Kg4 Kg1 75. Rxg2+ Kxg2 1/2-1/2


[Site "https://www.chess.com"]

[Event "Titled Tuesday Blitz November 08 Early 2022"]
[White "Khandelwal, Ankush"]
[Black "Arencibia Monduy, Antonio"]
[WhiteFideId "413470"]
[BlackFideId "3507939"]
[WhiteElo "2271"]
[BlackElo "2521"]
[Result "1-0"]
[Round "03"]
[TimeControl "180+1"]
[Date "2022.11.09"]
[WhiteClock "0:00:28"]
[BlackClock "0:00:05"]

1. e4 d6 2. d4 c6 3. Nc3 Qc7 4. Be3 e5 5. Nf3 Bg4 6. h3 Bh5 7. g4 Bg6 8. Nh4 Nf6 9. Qf3 Nbd7 10. O-O-O Be7 11. Nf5 Bxf5 12. gxf5 Qa5 13. Rg1 Rg8 14. dxe5 dxe5 15. Bc4 b5 16. Bb3 Qc7 17. a4 a6 18. Kb1 Rb8 19. Rg3 Bb4 20. Bd2 Bf8 21. Bg5 h6 22. Bh4 Be7 23. Rdg1 Kf8 24. Qg2 Nh5 25. Bxe7+ Kxe7 26. Rg4 Ndf6 27. Rh4 b4 28. Ne2 Rbd8 29. f4 exf4 30. Nxf4 Nxf4 31. Qg3 N6h5 32. Rxh5 Qd6 33. e5 Qxe5 34. Re1 Rd1+ 35. Rxd1 Kf6 36. Qh4+ g5 37. fxg6+ Kg7 38. Rxe5 Nxg6 39. Rg1 1-0


[Site "https://www.chess.com"]

[Event "Titled Tuesday Blitz November 08 Early 2022"]
[White "Kis, Lorand Bela"]
[Black "Postnikov, Daniil"]
[WhiteFideId "2024098"]
[BlackFideId "4166329"]
[WhiteElo "2085"]
[BlackElo "2261"]
[Result "0-1"]
[Round "03"]
[TimeControl "180+1"]
[Date "2022.11.09"]
[WhiteClock "0:00:24"]
[BlackClock "0:00:16"]

1. Nf3 Nf6 2. g3 d5 3. Bg2 g5 4. Nxg5 e5 5. d3 Nc6 6. a3 Rg8 7. Nf3 Bc5 8. b4 Bb6 9. b5 Nd4 10. Nxe5 Qe7 11. Nf3 Ng4 12. e3 Nxb5 13. d4 Nd6 14. a4 Ne4 15. O-O c6 16. Nbd2 Nc3 17. Qe1 Bf5 18. a5 Bc7 19. Nb3 Ne4 20. Ba3 Qf6 21. Nc5 Nxc5 22. Bxc5 Bxc2 23. Ra2 Be4 24. Nh4 Nxh2 25. Kxh2 Qxh4+ 26. Kg1 Qh6 27. Rb2 Rg5 28. f3 Bxg3 29. fxe4 Qh2# 0-1


[Site "https://www.chess.com"]

[Event "Titled Tuesday Blitz November 08 Early 2022"]
[White "Kodinets, Konstantin L."]
[Black "Kopylov, Alexander A."]
[WhiteFideId "4122011"]
[BlackFideId "4164857"]
[WhiteElo "2447"]
[BlackElo "2436"]
[Result "0-1"]
[Round "03"]
[TimeControl "180+1"]
[Date "2022.11.09"]
[WhiteClock "0:00:07"]
[BlackClock "0:01:03"]

1. d4 c5 2. d5 e6 3. Nc3 Nf6 4. e4 exd5 5. Nxd5 Nxd5 6. Qxd5 Nc6 7. Bg5 Be7 8. Nf3 O-O 9. Bxe7 Qxe7 10. O-O-O Nb4 11. Qe5 Qxe5 12. Nxe5 Nxa2+ 13. Kb1 Nb4 14. Bc4 Nc6 15. Rd5 Re8 16. Nxf7 Kxf7 17. Re5+ Kf8 18. Rf5+ Ke7 19. Rf7+ Kd6 20. Rxg7 Rxe4 21. Rd1+ Kc7 22. Bd5 Re7 23. Rg8 b6 24. f4 Bb7 25. Rxa8 Bxa8 26. c3 Bb7 27. g4 Nd8 28. Bxb7 Nxb7 29. f5 Nd6 30. f6 Re2 31. Rf1 Nf7 32. h4 Re4 33. Rg1 Rf4 34. g5 Rxh4 35. g6 hxg6 36. Rxg6 Rf4 0-1


[Site "https://www.chess.com"]

[Event "Titled Tuesday Blitz November 08 Early 2022"]
[White "Korelskiy, Egor"]
[Black "Seo, Jung Min"]
[WhiteFideId "34329064"]
[BlackFideId "1734687"]
[WhiteElo "2043"]
[BlackElo "2455"]
[Result "1/2-1/2"]
[Round "03"]
[TimeControl "180+1"]
[Date "2022.11.09"]
[WhiteClock "0:00:14"]
[BlackClock "0:01:01"]

1. e4 c6 2. Nc3 d5 3. Nf3 Nf6 4. e5 Ne4 5. Ne2 Qb6 6. d4 c5 7. c3 Nc6 8. Ng3 Bg4 9. dxc5 Qxc5 10. Be3 Qa5 11. Be2 Nxg3 12. hxg3 e6 13. Bf4 Be7 14. Qd2 Qc7 15. Nd4 Bxe2 16. Qxe2 Nxd4 17. cxd4 Bb4+ 18. Bd2 Bxd2+ 19. Qxd2 O-O 20. O-O Rac8 21. Rac1 Qb6 22. Rxc8 Rxc8 23. Rc1 Rc4 24. Rxc4 dxc4 25. d5 exd5 26. Qxd5 g6 27. Qxc4 Qxb2 28. e6 fxe6 29. Qxe6+ Kf8 30. Qd6+ Kf7 31. Qd7+ Kf6 32. Qd6+ Kf7 33. Qd7+ Kg8 34. Qe8+ Kg7 35. Qe7+ Kh6 36. Qh4+ Kg7 37. Qe7+ Kg8 38. Qe8+ Kg7 39. Qe7+ 1/2-1/2


[Site "https://www.chess.com"]

[Event "Titled Tuesday Blitz November 08 Early 2022"]
[White "Kosakowski, Jakub"]
[Black "Turzo, Attila"]
[WhiteFideId "1185080"]
[BlackFideId "704954"]
[WhiteElo "2463"]
[BlackElo "2521"]
[Result "1-0"]
[Round "03"]
[TimeControl "180+1"]
[Date "2022.11.09"]
[WhiteClock "0:00:38"]
[BlackClock "0:00:11"]

1. c4 Nf6 2. g3 c6 3. Bg2 d5 4. Qa4 Nbd7 5. cxd5 cxd5 6. d4 g6 7. Nf3 Bg7 8. O-O O-O 9. Nc3 Nb6 10. Qb3 Bd7 11. Bf4 Rc8 12. Rfc1 e6 13. Ne5 Bc6 14. Nb5 Bxb5 15. Qxb5 Qe7 16. Nd3 Ne4 17. Nc5 Bxd4 18. Nxe4 dxe4 19. Bxe4 f5 20. Bd3 Rfd8 21. a4 Nd5 22. Bd2 a6 23. Qb3 Kg7 24. Ba5 Re8 25. Bc4 Qd7 26. Rd1 Bf6 27. Bxd5 exd5 28. Rxd5 Qc6 29. e3 Re7 30. Bd8 Rf7 31. Bxf6+ Qxf6 32. Rad1 Rcc7 33. a5 Qe6 34. Qb4 Qc6 35. Qd4+ Qf6 36. b4 Qxd4 37. R1xd4 Kf6 38. Rd6+ Kg7 39. Rb6 Rfd7 40. Rxd7+ Rxd7 41. Kg2 Kf7 42. h3 Ke7 43. g4 fxg4 44. hxg4 Kd8 45. Kg3 Kc7 46. f4 Rd3 47. Kf3 Rb3 48. f5 gxf5 49. gxf5 Rb1 50. e4 Rf1+ 51. Kg4 Rg1+ 52. Kf4 h5 53. Rh6 Rg4+ 54. Ke5 h4 55. f6 Rg5+ 56. Ke6 Rg4 57. e5 Rxb4 58. f7 Rf4 59. Rh8 Kc6 60. f8=Q Rxf8 61. Rxf8 b6 62. axb6 Kxb6 63. Rh8 a5 64. Rxh4 a4 65. Rxa4 Kb5 66. Rf4 Kc5 67. Kf6 Kc6 68. e6 Kd6 69. e7 Kd7 70. Kf7 Kd6 71. e8=R Kd5 72. Re1 1-0


[Site "https://www.chess.com"]

[Event "Titled Tuesday Blitz November 08 Early 2022"]
[White "Kostiukov, Alexandr"]
[Black "Tasev, Dejan"]
[WhiteFideId "14108100"]
[BlackFideId "936618"]
[WhiteElo "2202"]
[BlackElo "2256"]
[Result "0-1"]
[Round "03"]
[TimeControl "180+1"]
[Date "2022.11.09"]
[WhiteClock "0:00:02"]
[BlackClock "0:00:08"]

1. g3 Nf6 2. Bg2 e6 3. d3 d5 4. e4 g6 5. Qe2 Bg7 6. Nf3 O-O 7. O-O c5 8. e5 Nfd7 9. c4 d4 10. Bf4 Nc6 11. h3 h6 12. g4 g5 13. Bg3 Qc7 14. Re1 b6 15. Nbd2 Bb7 16. a3 Rae8 17. Rab1 Ne7 18. Ne4 Bxe4 19. Qxe4 Ng6 20. b4 Rd8 21. b5 Qc8 22. h4 gxh4 23. Nxh4 Nxh4 24. Bxh4 Rde8 25. f4 f5 26. exf6 Nxf6 27. Qg6 e5 28. fxe5 Qxg4 29. Qxg4 Nxg4 30. e6 Ne3 31. Be4 Bf6 32. Bf2 Bg5 33. Rb2 Kg7 34. Bd5 Rf4 35. Rbe2 Rg4+ 36. Kh2 Bf4+ 37. Kh3 h5 38. Bxe3 Rg3+ 39. Kh4 dxe3 40. Rf1 Rg4+ 41. Kh3 Kh6 42. Rf3 Kg5 43. Rg2 Re7 44. Re2 Rh4+ 45. Kg2 Rh2+ 46. Kf1 Rxe2 47. Kxe2 h4 48. Rf1 Kf5 49. Kf3 Ke5 50. Rg1 h3 51. Rg4 h2 52. Rh4 Rg7 53. Rh5+ Kd6 54. Kxf4 e2 55. Re5 Rg1 56. e7 e1=Q 57. e8=Q Rf1+ 58. Bf3 Rxf3+ 59. Kxf3 h1=Q+ 60. Kg4 Qeg1+ 61. Kf5 Qh3+ 62. Kf6 Qf2+ 63. Kg6 Qfg3+ 64. Rg5 Qxd3+ 65. Kf6 Qh6+ 66. Rg6 Qhxg6+ 67. Qxg6 Qxg6+ 68. Kxg6 Ke5 69. Kf7 Kd4 70. Ke7 Kxc4 71. a4 Kb4 72. Kd7 Kxa4 73. Kc6 Kb4 74. Kb7 Kxb5 0-1


[Site "https://www.chess.com"]

[Event "Titled Tuesday Blitz November 08 Early 2022"]
[White "Kovalev, Vladislav"]
[Black "Naroditsky, Daniel"]
[WhiteFideId "13504398"]
[BlackFideId "2026961"]
[WhiteElo "2556"]
[BlackElo "2628"]
[Result "0-1"]
[Round "03"]
[TimeControl "180+1"]
[Date "2022.11.08"]
[WhiteClock "0:00:04"]
[BlackClock "0:00:06"]

1. e4 c6 2. Nf3 d5 3. d3 Qc7 4. Nc3 dxe4 5. dxe4 e5 6. Bc4 b5 7. Bb3 h6 8. O-O Nd7 9. a4 b4 10. Nb1 Ngf6 11. Re1 Be7 12. Be3 Nc5 13. Nbd2 O-O 14. Nc4 Rd8 15. Qe2 Nfd7 16. Bxc5 Bxc5 17. Nh4 Nf6 18. Qf3 Be6 19. Nf5 Ne8 20. Rad1 Kh7 21. h3 g6 22. Nfe3 h5 23. Nd2 Ng7 24. Bxe6 Nxe6 25. Nb3 Bd4 26. Nc4 Qe7 27. h4 f6 28. g3 Bc5 29. Rxd8 Rxd8 30. Rd1 Rxd1+ 31. Qxd1 Nd4 32. Nxd4 Bxd4 33. Qd3 Qc5 34. Kg2 Kh6 35. Ne3 Bxe3 36. Qxe3+ Qxe3 37. fxe3 f5 38. Kf3 Kg7 39. Ke2 fxe4 40. Kd2 Kf6 41. c3 c5 42. cxb4 cxb4 43. Kc2 Kf5 44. Kb3 Kg4 45. Kxb4 Kf3 46. Ka5 Kxe3 47. Ka6 Kd3 48. Kxa7 e3 49. b4 0-1


[Site "https://www.chess.com"]

[Event "Titled Tuesday Blitz November 08 Early 2022"]
[White "Koziorowicz, Michal"]
[Black "Ladan, Nicholas"]
[WhiteFideId "21809194"]
[BlackFideId "30918855"]
[WhiteElo "2174"]
[BlackElo "2167"]
[Result "1-0"]
[Round "03"]
[TimeControl "180+1"]
[Date "2022.11.09"]
[WhiteClock "0:00:58"]
[BlackClock "0:00:04"]

1. e4 e5 2. Nf3 Nc6 3. Nc3 Nf6 4. Nxe5 Nxe5 5. d4 Ng6 6. e5 Be7 7. h4 h5 8. exf6 Bxf6 9. Be2 Bxh4 10. Be3 Bf6 11. Rxh5 Rxh5 12. Bxh5 d5 13. Bxg6 fxg6 14. Qf3 Be6 15. O-O-O Qd7 16. Qg3 Bf5 17. Bf4 O-O-O 18. Be5 Re8 19. Re1 Bd8 20. f3 a6 21. Rh1 g5 22. Re1 Bg6 23. Qf2 Qf5 24. Re2 c6 25. Nd1 Bb6 26. Ne3 Qd7 27. Qg3 Bd8 28. Qg4 Bf6 29. Qxd7+ Kxd7 30. Ng4 Re6 31. Kd2 Bf5 32. Bxf6 gxf6 33. Ne3 Bg6 34. Re1 Re7 35. Rh1 Rh7 36. Rg1 Ke6 37. Ke2 Rh2 38. Kf2 f5 39. c3 f4 40. Ng4 Rh7 41. Re1+ Kd6 42. Re5 Bb1 43. a3 Rg7 44. Nf6 Kc7 45. Ne8+ 1-0


[Site "https://www.chess.com"]

[Event "Titled Tuesday Blitz November 08 Early 2022"]
[White "Krysa, Leandro"]
[Black "D`Arruda, Ricardo D."]
[WhiteFideId "116807"]
[BlackFideId "100692"]
[WhiteElo "2485"]
[BlackElo "2483"]
[Result "1/2-1/2"]
[Round "03"]
[TimeControl "180+1"]
[Date "2022.11.09"]
[WhiteClock "0:00:08"]
[BlackClock "0:00:19"]

1. e4 c5 2. Nf3 Nc6 3. d4 cxd4 4. Nxd4 e5 5. Nb5 a6 6. Nd6+ Bxd6 7. Qxd6 Qe7 8. Qxe7+ Ngxe7 9. c4 d6 10. Nc3 Be6 11. Be3 O-O 12. Rc1 f5 13. f3 Rac8 14. b3 fxe4 15. Nxe4 d5 16. cxd5 Bxd5 17. Bc4 Nb4 18. a3 Bxc4 19. Rxc4 Rxc4 20. bxc4 Nc2+ 21. Kf2 Nf5 22. Bc5 Rc8 23. Rb1 Rc7 24. a4 Ncd4 25. Rb6 h6 26. g3 Kf7 27. Bd6 Rxc4 28. Rxb7+ Ke6 29. Rb2 Nxd6 30. Rb6 Rc6 31. Rxc6 Nxc6 32. Nc5+ Kd5 33. Nxa6 Na5 34. Nc7+ Kc6 35. Ne6 g5 36. h4 Nf7 37. hxg5 hxg5 38. Ng7 Kd5 39. Nf5 Nc4 40. f4 gxf4 41. gxf4 exf4 42. Nh4 Ke4 43. Ng2 Nfe5 44. Nxf4 Kxf4 45. a5 Nxa5 1/2-1/2


[Site "https://www.chess.com"]

[Event "Titled Tuesday Blitz November 08 Early 2022"]
[White "Krzyzanowski, Marcin"]
[Black "Lewtak, Damian"]
[WhiteFideId "1132199"]
[BlackFideId "1141724"]
[WhiteElo "2435"]
[BlackElo "2329"]
[Result "1-0"]
[Round "03"]
[TimeControl "180+1"]
[Date "2022.11.09"]
[WhiteClock "0:00:41"]
[BlackClock "0:00:10"]

1. Nf3 g6 2. e4 Bg7 3. d4 d6 4. Nc3 Bg4 5. Be3 c6 6. Be2 Nd7 7. O-O a6 8. Qd2 b5 9. a3 Ngf6 10. h3 Bxf3 11. Bxf3 Rc8 12. Rad1 O-O 13. Rfe1 Qc7 14. Bh6 e5 15. Ne2 Rfd8 16. Ng3 exd4 17. Bxg7 Kxg7 18. Qxd4 Ne5 19. Be2 c5 20. Qe3 d5 21. exd5 Nxd5 22. Qg5 f6 23. Nh5+ Kh8 24. Nxf6 Nf7 25. Nxd5 Nxg5 26. Nxc7 Rxd1 27. Rxd1 Rxc7 28. Rd6 Re7 29. Kf1 Ra7 30. c4 b4 31. axb4 cxb4 32. c5 Ne4 33. Rd8+ Kg7 34. c6 Kf6 35. Bf3 Nc5 36. Bd5 a5 37. f4 a4 38. Rf8+ Kg7 39. Rg8+ Kf6 40. Rf8+ Kg7 41. Rb8 b3 42. Rb5 Na6 43. Ra5 1-0


[Site "https://www.chess.com"]

[Event "Titled Tuesday Blitz November 08 Early 2022"]
[White "Kukula, Pawel"]
[Black "Faizrakhmanov, Ramil"]
[WhiteFideId "1115081"]
[BlackFideId "24103209"]
[WhiteElo "2046"]
[BlackElo "2437"]
[Result "0-1"]
[Round "03"]
[TimeControl "180+1"]
[Date "2022.11.09"]
[WhiteClock "0:00:01"]
[BlackClock "0:00:08"]

1. e4 c6 2. d4 d5 3. exd5 cxd5 4. Nf3 Nc6 5. Bb5 Bd7 6. c4 Nf6 7. Nc3 e6 8. Bg5 dxc4 9. d5 exd5 10. Nxd5 Be7 11. O-O Nxd5 12. Qxd5 O-O 13. Rad1 Be6 14. Qe4 Qc7 15. Bxc4 Bxc4 16. Qxc4 Bxg5 17. Nxg5 h6 18. Nf3 Qb6 19. b3 Rad8 20. h3 Qa5 21. a4 Qb6 22. Qb5 Qc7 23. Rc1 Rfe8 24. Qc5 Qf4 25. Rc4 Qf6 26. b4 Rd3 27. b5 Na5 28. Rg4 b6 29. Qb4 Red8 30. Rf4 Qe6 31. Re1 Rd1 32. Re4 Qb3 33. Qe7 R8d7 34. Qe8+ Kh7 35. Re3 Qxa4 36. Rxd1 Qxd1+ 37. Kh2 Qd6+ 38. g3 Rc7 39. Kg2 Nc4 40. Qe4+ g6 41. Rd3 Qf6 42. Rd4 Nd6 43. Qd5 Nf5 44. Rf4 Rc5 45. Qb7 Rxb5 46. Qxa7 Rb2 47. Kg1 Qe6 0-1


[Site "https://www.chess.com"]

[Event "Titled Tuesday Blitz November 08 Early 2022"]
[White "Lakshmi C"]
[Black "Muminova, Nafisa"]
[WhiteFideId "25035347"]
[BlackFideId "14201526"]
[WhiteElo "1865"]
[BlackElo "2258"]
[Result "0-1"]
[Round "03"]
[TimeControl "180+1"]
[Date "2022.11.09"]
[WhiteClock "0:00:01"]
[BlackClock "0:00:36"]

1. e4 e6 2. d4 d5 3. Nc3 Nf6 4. e5 Nfd7 5. f4 c5 6. Be3 Nc6 7. Nf3 Qb6 8. Qd2 Qxb2 9. Rb1 Qa3 10. Nb5 Qxa2 11. Rc1 Rb8 12. dxc5 Nxc5 13. Nd6+ Bxd6 14. exd6 Ne4 15. Qe2 Nxd6 16. Nd4 Nxd4 17. Bxd4 Qa5+ 18. c3 Nf5 19. Be5 Ra8 20. g4 Ne7 21. Bxg7 Rg8 22. Bf6 Bd7 23. Bh3 Rc8 24. f5 Qb5 25. Qe3 Qc5 26. Bd4 Qc4 27. g5 exf5 28. Rb1 b6 29. Bf1 Qa2 30. Bd3 Rg6 31. O-O Re6 32. Qf4 Ng6 33. Qf3 f4 34. Bf5 Re7 35. Ra1 Qc4 36. Bxg6 hxg6 37. Qxf4 Be6 38. Bf6 Qxf4 39. Rxf4 Rec7 40. Rh4 Kd7 41. Rh7 Kd6 42. h4 a5 43. Re1 Kc5 44. Bd4+ Kc6 45. Be5 Rb7 46. Rf1 b5 47. h5 gxh5 48. Rf6 Re8 49. g6 fxg6 50. Rh6 Kc5 0-1


[Site "https://www.chess.com"]

[Event "Titled Tuesday Blitz November 08 Early 2022"]
[White "Le, Tuan Minh"]
[Black "Shipov, Sergei"]
[WhiteFideId "12401153"]
[BlackFideId "4113624"]
[WhiteElo "2530"]
[BlackElo "2792"]
[Result "1/2-1/2"]
[Round "03"]
[TimeControl "180+1"]
[Date "2022.11.08"]
[WhiteClock "0:00:08"]
[BlackClock "0:00:24"]

1. d4 d5 2. Nf3 e6 3. Bf4 c5 4. c3 Nc6 5. e3 Nf6 6. Nbd2 Nh5 7. Be5 f6 8. Bg3 g6 9. Be2 Be7 10. O-O O-O 11. dxc5 Bxc5 12. c4 Nxg3 13. hxg3 dxc4 14. Bxc4 Qe7 15. Rc1 Kg7 16. a3 a6 17. Ba2 Rd8 18. Qa4 Bd7 19. Qh4 Be8 20. Rfd1 Ba7 21. g4 Bf7 22. Ne4 h6 23. Nc3 Rxd1+ 24. Rxd1 Rd8 25. Rc1 Bb8 26. Bb1 f5 27. Qh3 Qf6 28. Ba2 Ne5 29. gxf5 exf5 30. Bxf7 Qxf7 31. Nd4 Ng4 32. Nce2 Bh2+ 33. Kf1 Be5 34. g3 Qd7 35. Qg2 Rc8 36. Rxc8 Qxc8 37. Qd5 h5 38. Kg2 Kh7 39. b4 Bg7 40. Nf4 Qc7 41. Nde6 Qe7 42. Nxg7 Kxg7 43. a4 Nf6 44. Qd4 Qe4+ 45. Qxe4 Nxe4 46. a5 Kf6 47. Kf1 Nc3 48. Ke1 Na2 49. Nd3 g5 50. f3 h4 51. gxh4 gxh4 52. Kf2 Kg5 53. Kg2 Nc3 54. Nc5 Nd5 55. Nxb7 Nxe3+ 56. Kh3 Nd5 57. b5 axb5 58. a6 Nb6 59. a7 b4 60. Nc5 Kf4 61. Nd3+ Kxf3 62. Nxb4 f4 63. Kxh4 Na8 64. Kg5 Kg3 65. Nd3 f3 66. Kf6 Nb6 67. Kf7 f2 68. Nxf2 Kxf2 69. Ke8 Ke3 70. Kd8 Kd4 71. Kc7 Kc5 72. Kb7 Kb5 73. a8=Q Nxa8 1/2-1/2


[Site "https://www.chess.com"]

[Event "Titled Tuesday Blitz November 08 Early 2022"]
[White "Liang, Awonder"]
[Black "Ginzburg, Yakov"]
[WhiteFideId "2056437"]
[BlackFideId "4157176"]
[WhiteElo "2508"]
[BlackElo "2305"]
[Result "1-0"]
[Round "03"]
[TimeControl "180+1"]
[Date "2022.11.09"]
[WhiteClock "0:00:18"]
[BlackClock "0:00:02"]

1. h4 e5 2. c4 c6 3. d4 exd4 4. Nf3 Nf6 5. h5 h6 6. Nxd4 Bb4+ 7. Nd2 d5 8. a3 Bd6 9. b4 O-O 10. Bb2 Qe7 11. e3 Ng4 12. N2f3 Re8 13. Qd2 a5 14. c5 Bf4 15. Bd3 Nxe3 16. fxe3 Bxe3 17. Qe2 Qd8 18. Nc2 Bd4 19. Bxd4 Rxe2+ 20. Kxe2 axb4 21. axb4 Rxa1 22. Rxa1 Na6 23. Kf2 Bg4 24. b5 cxb5 25. c6 Bc8 26. Bxb5 Nc7 27. cxb7 Bxb7 28. Bd3 Ne6 29. Ra7 Bc6 30. Be3 Qb8 31. Ra1 Qc8 32. Ncd4 Nxd4 33. Nxd4 Bd7 34. Rc1 Qb8 35. Rb1 Qc7 36. g3 Bg4 37. Bf4 Qa7 38. Rb8+ 1-0


[Site "https://www.chess.com"]